 Dungeon Crawl Stone Soup version 0.19.0-22-gd96e5fe (webtiles) character file.

18111 vev the Cleaver (level 12, 0/91 HPs)
             Began as a Vampire Gladiator on Nov 19, 2016.
             Was a High Priest of Makhleb.
             Killed from afar by an efreet (23 damage)
             ... with a bolt of fire
             ... on level 13 of the Dungeon.
             The game lasted 00:16:51 (12732 turns).

vev the Cleaver (Vampire Gladiator)                Turns: 12732, Time: 00:16:52

Health: 0/91       AC: 18    Str: 21    XL:     12   Next: 24%
Magic:  19/19      EV: 11    Int: 11    God:    Makhleb [*****.]
Gold:   387        SH:  0    Dex: 17    Spells: 0 memorised, 11 levels left

rFire  . . .     SeeInvis +     a - +9 battleaxe "Pendulum" {venom, Str+5}
rCold  . . .     Gourm    .     b - +0 plate armour
rNeg   + + .     Faith    .     (shield currently unavailable)
rPois  .         Spirit   .     J - +2 hat of Honour {rN+}
rElec  .         Reflect  .     O - +0 cloak
rCorr  .         Harm     .     y - +0 pair of gloves
MR     +....                    s - +0 pair of boots
Stlth  ..........               (no amulet)
                                (no ring)
                                h - ring of stealth

@: no status effects
A: fangs 3, see invisible, unbreathing
a: Bat Form, Minor Destruction, Lesser Servant of Makhleb, Major Destruction,
Greater Servant of Makhleb, Renounce Religion


You were on level 13 of the Dungeon.
You worshipped Makhleb.
Makhleb was extremely pleased with you.
You were not thirsty.

You visited 1 branch of the dungeon, and saw 13 of its levels.
You also visited: Bailey.

You collected 567 gold pieces.
You spent 180 gold pieces at shops.

Inventory:

Hand Weapons
 a - the +9 battleaxe "Pendulum" (weapon) {venom, Str+5}
   (You acquired it on level 8 of the Dungeon)

   It poisons the flesh of those it strikes.
   It affects your strength (+5).
 p - a +0 war axe of flaming
 u - a +2 vampiric hand axe
Missiles
 d - 4 throwing nets (quivered)
Armour
 b - a +0 plate armour (worn)
 c - a +2 helmet
 j - a +0 scale mail
 s - a +0 pair of boots (worn)
 y - a +0 pair of gloves (worn)
 J - the +2 hat of Honour (worn) {rN+}
   (You acquired it in a bailey)

   It protects you from negative energy.
 O - a +0 cloak (worn)
Jewellery
 h - a ring of stealth (left hand)
Wands
 f - a wand of enslavement (10/24)
 A - a wand of digging (17/24)
 L - a wand of polymorph (7/24)
 N - a wand of acid (8/15)
Scrolls
 g - 6 scrolls of recharging
 l - 8 scrolls of remove curse
 m - 2 scrolls of teleportation
 o - 2 scrolls of fog {unknown}
 r - 4 scrolls of magic mapping
 w - a scroll of blinking
 C - 3 scrolls of identify
 D - a scroll of noise
 E - 3 scrolls of enchant armour
 F - 3 scrolls of brand weapon
 I - 4 scrolls of enchant weapon {unknown}
Potions
 e - 19 potions of blood
 i - a potion of mutation {unknown}
 k - 2 potions of agility
 n - 2 potions of brilliance
 q - 4 potions of degeneration
 t - a potion of heal wounds
 v - a potion of magic
 x - a potion of flight {unknown}
 z - 3 potions of haste
 B - a potion of invisibility
 G - a potion of experience {unknown}
 H - 2 potions of curing
 K - a potion of might {unknown}
 M - a potion of lignification {unknown}


   Skills:
 + Level 7.4 Fighting
 * Level 10.4 Axes
 - Level 1.5 Throwing
 + Level 6.6 Armour
 + Level 9.2 Dodging
 * Level 9.6 Invocations


You had 11 spell levels left.
You didn't know any spells.

Dungeon Overview and Level Annotations

Branches:
Dungeon (14/15)            Temple (0/1) D:6          Vaults (0/5) D:14
   Lair: D:8-11         Orc: D:9-12

Altars:
Dithmenos
Elyvilon
Gozag
Hepliaklqana
Makhleb
Nemelex Xobeh
Ru
Sif Muna
Xom
Yredelemnul
Zin
The Shining One

Shops:
D:7 [   D:8 *


Innate Abilities, Weirdness & Mutations

You have razor-sharp teeth.
You have supernaturally acute eyesight. (SInv)
You can survive without breathing.


Message History

Your plate armour prevents you from hitting the wolf spider.
The wolf spider is almost dead.
You kill the wolf spider!
Makhleb accepts your kill.
You slice the efreet!! Your bite misses the efreet.
The efreet is heavily wounded.
The efreet hits you with a scimitar of flaming!
* * * LOW HITPOINT WARNING * * *
The efreet burns you.
* * * LOW HITPOINT WARNING * * *
You slash the efreet!
The efreet is severely wounded.
The efreet gestures at you.
The fireball explodes!
The fireball engulfs you!
* * * LOW HITPOINT WARNING * * *
The fireball engulfs the efreet.
The efreet completely resists.
You feel much better. The efreet gestures at you. The bolt of fire hits you!
You die...

#.##.##..####..^^^.#
#..................#
#.##.##..#####...###
##.#.#.#.#####..##
##...##.......##
##...#..######
#......# ###
#.#.##.# C!##.#@##.#
#.###R##.#
#..##§##.# #s§(C##.#
#R#####.# .§### #.#
$..##.## #.#
#####...###.#
#####...#.....#


You could see a cyclops and an efreet.

Vanquished Creatures
  A hydra (D:13)
  2 centaur warriors (D:14)
  Nergalle (D:10)
  A wizard (D:14)
  A deep troll (shapeshifter) (D:14)
  3 hill giants
  2 necromancers (D:14)
  An orc knight (Bailey)
  Pikel (D:9)
  A wolf spider (D:13)
  3 cyclopes
  A gargoyle (D:11)
  A centaur zombie (D:11)
  A troll (D:10)
  Prince Ribbit (D:8)
  6 two-headed ogres
  A hippogriff (D:10)
  5 centaur simulacra (D:14)
  A wraith (D:11)
  A yak (D:14)
  A water moccasin (D:10)
  13 orc warriors
  4 sky beasts
  3 ice beasts
  2 black bears
  2 eyes of draining
  A phantom (D:8)
  A slave (D:9)
  2 necrophages
  4 ogres
  2 centaurs
  2 wolves (D:14)
  A wyvern zombie (D:10)
  3 big kobolds (D:8)
  4 bullfrogs
  2 wyvern skeletons
  4 scorpions
  A hornet simulacrum (D:14)
  9 killer bees
  A howler monkey (D:9)
  5 crimson imps
  2 bullfrog zombies
  5 jellies
  A quasit (D:8)
  A bullfrog skeleton (D:5)
  7 hounds
  An orc wizard (D:10)
  4 orc priests
  13 two-headed ogre zombies (D:9)
  2 iguanas
  Ijyb (D:2)
  A gnoll shaman (D:8)
  8 worker ants
  2 hound skeletons (D:5)
  2 worker ant zombies
  8 gnolls
  2 howler monkey skeletons
  11 adders
  2 white imps (D:14)
  7 oozes
  An adder zombie (D:5)
  An adder skeleton (D:6)
  5 worms
  2 dart slugs (D:1)
  6 leopard geckos
  59 orcs
  7 giant cockroaches
  5 hobgoblins
  16 jackals
  13 kobolds
  3 quokkas
  8 bats
  5 frilled lizards
  8 goblins
  4 rats
325 creatures vanquished.

Vanquished Creatures (others)
  3 slaves (D:9)
  An orc priest (D:9)
  A worker ant (D:8)
  An orc (D:9)
6 creatures vanquished.

Grand Total: 331 creatures vanquished

Notes
Turn   | Place    | Note
-------+----------+-------------------------------------------
     0 | D:1      | vev the Vampire Gladiator began the quest for the Orb.
     0 | D:1      | Reached XP level 1. HP: 16/16 MP: 1/1
   441 | D:1      | Reached XP level 2. HP: 20/22 MP: 2/2
   476 | D:1      | Reached skill level 1 in Armour
   570 | D:1      | Reached skill level 3 in Axes
   601 | D:1      | Reached skill level 2 in Fighting
   683 | D:1      | Reached XP level 3. HP: 27/27 MP: 3/3
  1130 | D:2      | Found a glowing golden altar of the Shining One.
  1167 | D:2      | Noticed Ijyb
  1183 | D:2      | Killed Ijyb
  1183 | D:2      | Reached XP level 4. HP: 31/33 MP: 4/4
  1342 | D:2      | Found a glowing golden altar of the Shining One.
  1532 | D:3      | Found a white marble altar of Elyvilon.
  1976 | D:3      | Reached skill level 4 in Axes
  1976 | D:3      | Reached XP level 5. HP: 29/39 MP: 5/5
  2262 | D:3      | Reached skill level 4 in Dodging
  2276 | D:3      | Found a shadowy altar of Dithmenos.
  2412 | D:3      | Found a hazy altar of Hepliaklqana.
  2670 | D:3      | Found a burning altar of Makhleb.
  2686 | D:3      | Found a deep blue altar of Sif Muna.
  2716 | D:3      | Became a worshipper of Makhleb the Destroyer
  2932 | D:4      | Reached XP level 6. HP: 46/46 MP: 6/6
  2933 | D:4      | Found a sparkling altar of Nemelex Xobeh.
  2950 | D:4      | Reached skill level 2 in Armour
  3169 | D:4      | Reached skill level 1 in Invocations
  3423 | D:5      | Entered Level 5 of the Dungeon
  3461 | D:5      | Reached skill level 3 in Fighting
  3753 | D:5      | Found an opulent altar of Gozag.
  3759 | D:5      | Reached XP level 7. HP: 33/52 MP: 8/8
  3862 | D:5      | Reached * piety under Makhleb
  3862 | D:5      | Reached skill level 5 in Axes
  3862 | D:5      | Reached skill level 2 in Invocations
  4206 | D:5      | Reached skill level 5 in Dodging
  4744 | D:6      | Reached skill level 3 in Invocations
  4786 | D:6      | Reached XP level 8. HP: 53/60 MP: 10/10
  4795 | D:6      | Found a staircase to the Ecumenical Temple.
  4841 | D:6      | Reached skill level 3 in Armour
  5308 | D:6      | Reached skill level 6 in Axes
  5325 | D:6      | Reached skill level 4 in Fighting
  5325 | D:6      | Reached skill level 4 in Invocations
  5586 | D:6      | Found a glowing silver altar of Zin.
  5645 | D:6      | Found a sacrificial altar of Ru.
  6317 | D:7      | Found Esioschoa's Armour Shoppe.
  6321 | D:7      | Bought a +0 pair of gloves for 58 gold pieces
  6445 | D:7      | Reached skill level 6 in Dodging
  6627 | D:8      | Reached ** piety under Makhleb
  6986 | D:8      | Noticed Prince Ribbit
  6994 | D:8      | Reached XP level 9. HP: 46/66 MP: 12/12
  7216 | D:8      | Reached skill level 4 in Armour
  7278 | D:8      | Reached skill level 7 in Axes
  7278 | D:8      | Reached skill level 5 in Invocations
  7487 | D:8      | Found Keno's Assorted Antiques.
  7490 | D:8      | Bought 3 scrolls labeled KYUVIBR BOYNT for 75 gold pieces
  7490 | D:8      | Bought a scroll labeled ESEG SOCLIAMUN for 25 gold pieces
  7490 | D:8      | Bought a sedimented sapphire potion for 22 gold pieces
  7580 | D:8      | Got a smoking battleaxe
  7581 | D:8      | Identified the +9 battleaxe "Pendulum" {venom, Str+5} (You acquired it on level 8 of the Dungeon)
  7641 | D:8      | Reached skill level 5 in Fighting
  7652 | D:8      | Killed Prince Ribbit
  7667 | D:8      | Found a deep blue altar of Sif Muna.
  8130 | D:8      | Reached skill level 6 in Invocations
  8134 | D:8      | Reached *** piety under Makhleb
  8373 | D:9      | Noticed Pikel
  8379 | D:9      | Killed Pikel
  8379 | D:9      | Reached XP level 10. HP: 73/73 MP: 14/14
  8417 | D:9      | Found a faded altar of an unknown god.
  8417 | D:9      | Found a faded altar of an unknown god.
  8422 | D:9      | Found a faded altar of an unknown god.
  8424 | D:9      | Found a basalt altar of Yredelemnul.
  8426 | D:9      | Found a faded altar of an unknown god.
  8513 | D:9      | Reached skill level 8 in Axes
  8513 | D:9      | Reached skill level 7 in Dodging
  8674 | D:9      | Noticed an ogre mage
  9074 | D:10     | Entered Level 10 of the Dungeon
  9083 | D:10     | Noticed a hill giant
  9083 | D:10     | Reached skill level 5 in Armour
  9095 | D:10     | Killed a hill giant
  9121 | D:9      | Reached skill level 7 in Invocations
  9272 | D:10     | Reached **** piety under Makhleb
  9939 | D:10     | Noticed Nergalle
  9950 | D:10     | Killed Nergalle
  9950 | D:10     | Reached skill level 6 in Fighting
  9950 | D:10     | Reached skill level 9 in Axes
 10107 | D:10     | Noticed an orange demon
 10107 | D:10     | Found a burning altar of Makhleb.
 10108 | D:10     | Noticed an orange demon
 10225 | D:11     | Noticed a hill giant
 10232 | D:11     | Killed a hill giant
 10267 | D:11     | Reached XP level 11. HP: 70/81 MP: 16/16
 10497 | D:11     | Found a flagged portal.
 10510 | Bailey   | Entered a bailey
 10595 | Bailey   | Reached skill level 8 in Invocations
 10692 | Bailey   | Reached skill level 8 in Dodging
 10937 | Bailey   | Noticed an orc knight
 10960 | Bailey   | Killed an orc knight
 11063 | Bailey   | Got a jewelled hat
 11074 | Bailey   | Identified the +2 hat of Honour {rN+} (You acquired it in a bailey)
 11196 | D:11     | You fall through a shaft for 3 floors!
 11228 | D:14     | Noticed a hill giant
 11234 | D:14     | Killed a hill giant
 11243 | D:14     | Noticed a wizard
 11251 | D:14     | HP: 8/83 [wizard/crystal spear (36)]
 11254 | D:14     | Killed a wizard
 11264 | D:14     | HP: 3/83 [white imp/puff of frost (11)]
 11921 | D:14     | Reached skill level 6 in Armour
 11924 | D:14     | Noticed a centaur warrior
 11938 | D:14     | HP: 8/83 [centaur warrior/arrow (24)]
 11946 | D:14     | Killed a centaur warrior
 11949 | D:14     | Reached ***** piety under Makhleb
 11949 | D:14     | Reached skill level 9 in Invocations
 11951 | D:14     | Reached skill level 10 in Axes
 12013 | D:14     | Reached skill level 7 in Fighting
 12323 | D:14     | Found a gate to the Vaults.
 12323 | D:14     | Noticed a necromancer
 12324 | D:14     | Noticed a necromancer
 12332 | D:14     | Killed a necromancer
 12333 | D:14     | Killed a necromancer
 12349 | D:14     | Reached XP level 12. HP: 58/91 MP: 17/19
 12406 | D:14     | Noticed a centaur warrior
 12415 | D:14     | Killed a centaur warrior
 12415 | D:14     | Reached skill level 9 in Dodging
 12689 | D:13     | Found a shimmering altar of Xom.
 12710 | D:13     | Noticed a seven-headed hydra
 12721 | D:13     | Killed a one-headed hydra
 12724 | D:13     | HP: 9/91 [wolf spider (16)]
 12732 | D:13     | Killed from afar by an efreet

Skill      XL: |  1  2  3  4  5  6  7  8  9 10 11 12 |
---------------+-------------------------------------+-----
Armour         | 1 2 3 4 5 6 |  6.6
Axes           | 3 4 5 6 7 9 10 | 10.4
Fighting       | 2 3 4 5 6 7 |  7.4
Dodging        | 4 5 6 7 8 9 |  9.2
Invocations    | 1 3 4 6 7 9 |  9.6
Throwing       | |  1.5

Action                   |  1- 3 |  4- 6 |  7- 9 | 10-12 || total
-------------------------+-------+-------+-------+-------++-------
Melee: War axe           |   101 |   101 |       |     7 ||   209
       Bite              |     8 |    25 |    62 |    55 ||   150
       Hand axe          |       |   140 |   468 |       ||   608
       Battleaxe         |       |       |    47 |   335 ||   382
Throw: Throwing net      |       |       |     1 |     1 ||     2
 Abil: End Transformatio |       |       |     1 |       ||     1
       Bat Form          |       |       |     1 |       ||     1
Evoke: Wand              |       |       |     1 |       ||     1
  Use: Potion            |       |     2 |    18 |    24 ||    44
       Scroll            |       |     9 |    11 |     6 ||    26
 Stab: Sleeping          |     1 |    13 |     5 |     2 ||    21
       Held in net/web   |       |       |     1 |       ||     1
Armor: Leather armour    |     7 |       |       |       ||     7
       Scale mail        |    57 |    86 |   175 |    87 ||   405
       Plate armour      |       |       |       |   129 ||   129
Dodge: Dodged            |    83 |   143 |   355 |   311 ||   892
